 Dungeon Crawl Stone Soup version 0.30-a0-900-g23479c02f2 (webtiles) character file.

Game seed: 4870082428377642037

67677 jlumianski the Fighter (level 14, -38/108 HPs)
             Began as a Demonspawn Fighter on Mar 18, 2023.
             Was an Elder of Qazlal.
             Killed from afar by a molten gargoyle (46 damage)
             ... with a bolt of magma
             ... in a Gauntlet on Mar 19, 2023.
             The game lasted 01:46:01 (23892 turns).

jlumianski the Fighter (Demonspawn Fighter)        Turns: 23892, Time: 01:46:01

Health: -38/108    AC: 36    Str: 28    XL:     14   Next: 83%
Magic:  29/32      EV:  8    Int: 10    God:    Qazlal [****..]
Gold:   640        SH: 11    Dex: 13    Spells: 13/13 levels left

rFire   x . .      SeeInvis .    W - +6 broad axe (flame)
rCold   x . .      Faith    .    c - +0 buckler
rNeg    . . .      Spirit   .    k - +10 plate armour of the Will of the Gods {+Blink rC- MP+9}
rPois   .          Reflect  .    r - +1 hat
rElec   .          Rampage  .    N - +2 cloak
rCorr   .          NoTele   +    L - +2 pair of gloves {Str+3}
Will    +....                    p - +2 pair of boots Stlth
                                 (no amulet)
HPRegen 0.38/turn                i - +4 ring of slaying
MPRegen 0.23/turn                x - +6 ring of strength

@: studying Transmutations, invisible, repel missiles
A: icemail 1, spiny 1, sharp scales 2, condensation shield, demonic touch 1,
frail 1, weak 1, wild magic 1, no potion heal 1, heat vulnerability 1
a: Renounce Religion, Evoke Blink, Upheaval, Elemental Force


You were in a Gauntlet.
You worshipped Qazlal.
Qazlal was greatly pleased with you.
You visited 3 branches of the dungeon, and saw 19 of its levels.
You also visited: Ossuary, Gauntlet, Ice Cave and Volcano.

You collected 1309 gold pieces.
You spent 669 gold pieces at shops.

Inventory:

Hand Weapons
 W - a +6 broad axe of flaming (weapon)
Missiles
 o - 6 poisoned darts
 J - a throwing net
 M - a boomerang
 Q - 8 javelins (quivered)
 U - 5 atropa-tipped darts
Armour
 c - a +0 buckler (worn)
 k - the +10 plate armour of the Will of the Gods (worn) {+Blink rC- MP+9}
   (You found it on level 2 of the Lair of Beasts)

   rC:        It makes you vulnerable to cold.
   MP:        It affects your magic capacity (+9).
   +Blink:    It lets you blink.
 p - a +2 pair of boots (worn)
 r - a +1 hat (worn)
 s - a +2 pair of gloves
 L - a +2 pair of gloves of strength (worn)
 N - a +2 cloak (worn)
Jewellery
 b - a +4 ring of protection
 i - a +4 ring of slaying (left hand)
 m - a ring of fire
 w - the ring of Waalow {rCorr MP+9 Int+4}
   (You found it on level 5 of the Lair of Beasts)

   [ring of magical power]

   Int:       It affects your intelligence (+4).
   MP:        It affects your magic capacity (+9).
   rCorr:     It protects you from acid and corrosion.
 x - a +6 ring of strength (right hand)
 A - a ring of protection from cold
Wands
 a - a wand of acid (7)
 n - a wand of digging (5)
 q - a wand of mindburst (20)
 u - a wand of paralysis (16)
 y - a wand of roots (7)
Scrolls
 e - 2 scrolls of blinking
 t - 12 scrolls of identify
 B - 6 scrolls of teleportation
 C - 4 scrolls of poison
 D - 4 scrolls of fog
 H - a scroll of fear
Potions
 d - 2 potions of might
 f - 3 potions of cancellation
 g - 5 potions of flight
 h - 2 potions of mutation
 l - 8 potions of curing
 z - 4 potions of haste
 E - 3 potions of lignification
 F - 7 potions of ambrosia
 G - 2 potions of attraction
 I - a potion of magic
 K - a potion of brilliance
 P - 3 potions of invisibility
 V - a potion of berserk rage
Miscellaneous
 j - a lightning rod (4/4)
 v - a phantom mirror


   Skills:
 * Level 14.9 Fighting
 + Level 13.2 Axes
 + Level 0.2(8.4) Maces & Flails
 - Level 1.1 Throwing
 + Level 8.3 Armour
 + Level 1.8 Dodging
 + Level 2.6 Stealth
 + Level 8.9 Shields
 * Level 12.0 Invocations
 * Level 11.3 Evocations


You had 13 spell levels left.
You didn't know any spells.
Your spell library contained the following spells:

 Spells                   Type           Power      Damage    Failure   Level
 Sandblast                Erth           0%         2d4       99%         1
 Blink                    Tloc           0%         N/A       100%        2
 Lesser Beckoning         Tloc           0%         N/A       100%        2
 Momentum Strike          Conj/Tloc      0%         3d8       100%        2
 Passwall                 Tmut/Erth      0%         N/A       100%        2
 Sublimation of Blood     Necr           0%         N/A       100%        2
 Wereblood                Tmut           0%         N/A       100%        2
 Call Canine Familiar     Summ           0%         N/A       100%        3
 Portal Projectile        Hex/Tloc       0%         N/A       100%        3
 Stone Arrow              Conj/Erth      0%         3d7       100%        3
 Tukima's Dance           Hex            0%         N/A       100%        3
 Leda's Liquefaction      Hex/Erth       0%         N/A       100%        4
 Blade Hands              Tmut           0%         N/A       100%        5
 Freezing Cloud           Conj/Ice/Air   0%         6-21      100%        5
 Simulacrum               Ice/Necr       0%         N/A       100%        6
 Summon Hydra             Summ           0%         N/A       100%        7
 Polar Vortex             Ice            0%         N/A       100%        9


Dungeon Overview and Level Annotations

Branches:
Dungeon (13/15)            Temple (1/1) D:6            Lair (5/5) D:8
 Shoals (0/4) Lair:2       Spider (0/4) Lair:2        Slime (0/5) Lair:4
Ossuary (visited)           IceCv (visited)         Volcano (visited)
Gauntlet (1/1)
    Orc: D:9-12      Vaults: D:13-14

Altars:
Cheibriados
Fedhas
Gozag
Hepliaklqana
Kikubaaqudgha
Makhleb
Nemelex Xobeh
Okawaru
Qazlal
Ru
Sif Muna
Uskayaw
Vehumet
Xom
Yredelemnul
Jiyva
Lugonu

Shops:
D:3 [   D:4 ?   D:6 !   D:9 *   D:10 (

Portals:
Abyss: Lair:5

Annotations:
D:9 1 runed translucent door Gauntlet 9 transporters, exclusion: oklob plant


Innate Abilities, Weirdness & Mutations

A meltable icy envelope protects you from harm. (AC +0)
You are partially covered in sharp spines.
You are mostly covered in razor-sharp scales. (AC +2, Slay +2)
A meltable shield of frost defends you. (SH +0)
Your touch may inflict minor irresistible damage on your foes.
You are frail. (-10% HP)
You are weak. (Str -2)
Your spells are a little harder to cast, but a little more powerful.
Potions are less effective at restoring your health.
You are vulnerable to heat. (rF-)


Message History

You slash the molten gargoyle!
The molten gargoyle is almost destroyed.
You slash the plant! You burn the plant. You hit the catoblepas.
You burn the catoblepas. The catoblepas barely misses you.
The molten gargoyle blasts magma at you!
The bolt of magma hits you!! The lava burns you terribly!
Your system partially rejects the healing.
You feel better.
The catoblepas breathes a plume of calcifying dust at you.
The blast of calcifying dust hits you but does no damage.
The blast of calcifying dust hits the plant.
The molten gargoyle hits you with a +0 mace!
* * * LOW HITPOINT WARNING * * *
You are engulfed in flames!
The fire burns you terribly!
* * * LOW HITPOINT WARNING * * *
Level annotation: 9 transporters, exclusion: oklob plant Welcome back, jlumianski the Demonspawn Fighter.
Qazlal says: Let the forces of nature tear it all down!
Press ? for a list of commands and other information.
You fade into invisibility!
The plant is engulfed in calcifying dust.
A nearby plant withers and dies.
The catoblepas is engulfed in freezing vapours.
The catoblepas closely misses you.
The molten gargoyle blasts magma at you!
The bolt of magma hits you but does no damage.
Press: ? - help, v - describe, . - travel
Here: a molten gargoyle, wielding a +0 mace (almost destroyed, unable to see you)
The floor.
Aiming: Upheaval
Press: ? - help, Dir - move target A blizzard blasts the area with ice!
The blast of ice hits the gargoyle.
The gargoyle is moderately damaged.
The gargoyle is flash-frozen.
The catoblepas is engulfed in freezing vapours.
The catoblepas barely misses you.
The molten gargoyle blasts magma at you!
The bolt of magma hits you!!! The lava burns you terribly!
You die...

#8# #8# #8# #8# #8# #8#
###########################
.........................≈#
..........................#
##########...###########..###
.........#.8.#.9..#..#[#..#8#
...###...#...#9..#§.#.!#..###
....#...(#####.9#§.#..##..#####
.#.©#..#.#...#.#@.#..#.#..#§8≈#
.######.©#©.©##Y©#..#.©#..#...#
.#..#..#.#...#.#.§#..#.#..#.8.#
....#...[#####..#P.#..##..#...#
...###...#...#...#..#.=#..#.8.#
.........#...#....#..#)#..#...#
##########...###########..#...#
...........≈.............≈#.©.#.
.∩........≈8≈............∩#.....


You could see a catoblepas (unable to see you), a molten gargoyle (unable to see
you) and 2 gargoyles.

Vanquished Creatures
  A reaper (IceCv)
  Snorg (Lair:4)
  A fire dragon (Volcano)
  An ogre mage (D:10)
  5 hydras
  A boulder beetle (Lair:4)
  2 centaur warriors
  2 two-headed ogres
  A hell hog (Volcano)
  11 death yaks
  Urug (Lair:5)
  2 thrashing horrors (Lair:5)
  Nergalle (D:11)
  Amaemon (D:9)
  An obsidian statue (Volcano)
  Pikel (D:6)
  An orange crystal statue (Gauntlet)
  2 orc knights (D:10)
  2 deep elf pyromancers
  A necromancer (Lair:3)
  2 manticores
  2 cyclopes
  4 ugly things
  2 black mambas (Lair:4)
  2 ice statues (IceCv)
  Maurice (D:9)
  A rust devil (D:10)
  4 orange demons
  3 cane toads
  A smoke demon (D:10)
  2 torpor snails
  2 rime drakes (Lair:3)
  6 komodo dragons
  3 anaconda simulacra (IceCv)
  6 ice devils
  A queen bee (D:9)
  3 ancient zymes (Lair:5)
  2 trolls
  A meliai (shapeshifter) (Lair:5)
  3 meliai (D:13)
  A hornet (D:8)
  A wind drake (Lair:2)
  A polar bear (Lair:5)
  6 dream sheep (Lair:4)
  24 blink frogs
  9 slime creatures
  2 ynoxinuls (Lair:5)
  A shadow (D:11)
  5 dire elephant simulacra (IceCv)
  Grum (D:9)
  53 yaks
  3 chaos spawn (Lair:5)
  3 wyverns
  A yak (shapeshifter) (Lair:5)
  5 basilisks
  2 neqoxecs (D:10)
  Eustachio (D:5)
  2 steam dragons
  7 fire bats (Volcano)
  9 small abominations (Lair:5)
  3 vampire mosquitoes (D:13)
  2 large abominations (Lair:5)
  2 harpy simulacra (IceCv)
  2 acid dragons
  16 water moccasins
  2 black bears
  2 orc warriors (D:7)
  A sky beast (D:7)
  An elephant zombie (Lair:3)
  11 wolves
  4 centaurs
  2 phantoms
  3 lemures
  A kobold brigand (D:5)
  5 elf zombies (Ossuary)
  A komodo dragon zombie (Lair:3)
  Blork the orc (D:5)
  7 bullfrogs
  A gnoll sergeant (D:6)
  3 scorpions (D:7)
  2 cane toad simulacra (IceCv)
  4 wights
  An elephant simulacrum (IceCv)
  27 killer bees
  6 electric eels
  6 lava snakes (Volcano)
  5 quasits (D:10)
  2 centaur zombies (Ossuary)
  A human zombie (D:9)
  12 jellies
  3 orc priests
  Natasha (D:2)
  3 hell rats (D:7)
  5 orc wizards
  A polar bear simulacrum (IceCv)
  A mummy (Ossuary)
  4 gnolls
  3 adders
  A shadow imp (D:8)
  A white imp (IceCv)
  3 ufetubi
  2 adder zombies (Ossuary)
  A worm (D:2)
  3 dart slugs
  14 orcs
  13 ball pythons
  12 endoplasms
  5 giant cockroaches
  6 goblins
  A hobgoblin (D:1)
  4 jackals (D:1)
  7 quokkas
  9 bats
  4 frilled lizards
  11 hobgoblin zombies (Ossuary)
  15 kobolds
  A kobold skeleton (D:9)
  8 kobold zombies
  9 orc zombies (Ossuary)
  8 rats
  A rat zombie (Ossuary)
523 creatures vanquished.

Vanquished Creatures (collateral kills)
  A death knight (D:10)
  A hydra (Lair:5)
  An orange demon (D:9)
  A neqoxec (D:9)
  A small abomination (Lair:5)
5 creatures vanquished.

Vanquished Creatures (others)
  A harpy (shapeshifter) (D:10)
  A cane toad (Lair:2)
  A steam dragon (Volcano)
  2 demonic plants (D:10)
  22 fungi
  30 plants
57 creatures vanquished.

Grand Total: 585 creatures vanquished

Notes
Turn   | Place    | Note
-------+----------+-------------------------------------------
     0 | D:1      | jlumianski the Demonspawn Fighter began the quest for the
                  | Orb.
     0 | D:1      | Reached XP level 1. HP: 18/18 MP: 1/1
    49 | D:1      | Gained mutation: You are partially covered in razor-sharp
                  | scales. (AC +1, Slay +1) [demonic ancestry]
    49 | D:1      | Reached XP level 2. HP: 23/24 MP: 2/2
   455 | D:1      | Reached XP level 3. HP: 24/29 MP: 3/3
  1120 | D:3      | Found a shimmering blue altar of Sif Muna.
  1476 | D:3      | Reached XP level 4. HP: 35/35 MP: 4/4
  1498 | D:3      | Found Ybrotacw's Armour Boutique.
  1501 | D:3      | Bought a scarf of invisibility for 120 gold pieces
  1630 | D:2      | Noticed Natasha
  1633 | D:2      | Killed Natasha
  1634 | D:2      | Reached skill level 1 in Evocations
  1650 | D:4      | Found a blossoming altar of Fedhas.
  1656 | D:4      | Found a sand-covered staircase.
  1667 | Ossuary  | Entered an ossuary
  1973 | Ossuary  | Gained mutation: A meltable shield of frost defends you.
                  | (SH +0) [demonic ancestry]
  1973 | Ossuary  | Reached XP level 5. HP: 35/41 MP: 5/5
  2132 | Ossuary  | Gained mutation: Your touch may inflict minor irresistible
                  | damage on your foes. [demonic ancestry]
  2132 | Ossuary  | Reached XP level 6. HP: 35/48 MP: 6/6
  2140 | Ossuary  | Reached skill level 4 in Fighting
  2316 | Ossuary  | Gained mutation: A meltable icy envelope protects you from
                  | harm. (AC +0) [demonic ancestry]
  2316 | Ossuary  | Reached XP level 7. HP: 46/54 MP: 7/7
  2471 | D:5      | Entered Level 5 of the Dungeon
  2843 | D:3      | Found a faded altar of an unknown god.
  3052 | D:4      | Found a hazy altar of Hepliaklqana.
  3225 | D:4      | Found an iron altar of Okawaru.
  3363 | D:4      | Found an opulent altar of Gozag.
  3436 | D:4      | Found Monitel's Magic Scroll Boutique.
  3444 | D:4      | Bought a scroll of identify for 28 gold pieces
  3444 | D:4      | Bought a scroll of identify for 28 gold pieces
  3444 | D:4      | Bought a scroll of identify for 28 gold pieces
  3447 | D:4      | Bought a scroll of enchant armour for 105 gold pieces
  3521 | D:5      | Noticed Eustachio
  3611 | D:5      | Killed Eustachio
  3612 | D:5      | Reached skill level 5 in Axes
  4075 | D:5      | Noticed Pikel
  4179 | D:6      | Killed Pikel
  4180 | D:6      | Reached skill level 5 in Fighting
  4180 | D:6      | Reached XP level 8. HP: 36/63 MP: 8/8
  4358 | D:5      | Noticed Blork the orc
  4433 | D:5      | Killed Blork the orc
  4520 | D:6      | Found Temug's Distillery.
  4523 | D:6      | Bought a potion of heal wounds for 75 gold pieces
  4826 | D:6      | Found a staircase to the Ecumenical Temple.
  4844 | Temple   | Entered the Ecumenical Temple
  4871 | Temple   | Became a worshipper of Qazlal Stormbringer
  5167 | D:6      | Reached skill level 6 in Fighting
  5425 | D:6      | Bought a potion of heal wounds for 75 gold pieces
  5638 | D:6      | Reached skill level 1 in Dodging
  5638 | D:6      | Reached XP level 9. HP: 41/69 MP: 9/9
  5863 | D:7      | Identified a scroll of acquirement
  5865 | D:7      | Acquired a manual of Fighting
  5928 | D:7      | Reached skill level 1 in Throwing
  6035 | D:7      | Reached skill level 5 in Evocations
  6112 | D:7      | Reached * piety under Qazlal
  6475 | D:7      | Reached skill level 7 in Fighting
  6809 | D:6      | Reached skill level 5 in Armour
  6820 | D:6      | Found a sacrificial altar of Ru.
  6820 | D:6      | Found a shimmering altar of Xom.
  6820 | D:6      | Found an ancient bone altar of Kikubaaqudgha.
  7192 | D:8      | Noticed a death yak
  7192 | D:8      | Noticed a death yak
  7228 | D:7      | Killed a death yak
  7229 | D:7      | Reached skill level 1 in Stealth
  7494 | D:8      | Noticed a death yak
  7513 | D:8      | Killed a death yak
  7514 | D:8      | Gained mutation: You are mostly covered in razor-sharp
                  | scales. (AC +2, Slay +2) [demonic ancestry]
  7514 | D:8      | Reached XP level 10. HP: 48/80 MP: 10/12
  7696 | D:7      | Killed a death yak
  7697 | D:7      | Reached skill level 8 in Fighting
  7825 | D:8      | Found a staircase to the Lair.
  8072 | D:8      | Paralysed by a hornet for 1 turns
  8188 | D:8      | Reached skill level 5 in Shields
  8280 | D:9      | Reached ** piety under Qazlal
  8366 | D:8      | Reached skill level 9 in Fighting
  8367 | D:8      | Reached skill level 5 in Invocations
  8574 | D:8      | Found a sparkling altar of Nemelex Xobeh.
  8589 | D:8      | Noticed Amaemon
  8589 | D:8      | Noticed an orange demon
  8692 | D:9      | Killed Amaemon
  8841 | D:8      | Killed an orange demon
  8895 | D:8      | Noticed a deep elf pyromancer
  8901 | D:8      | Killed a deep elf pyromancer
  9145 | D:9      | Noticed Maurice
  9446 | D:10     | Entered Level 10 of the Dungeon
  9456 | D:9      | Reached XP level 11. HP: 88/89 MP: 15/15
  9558 | D:9      | Reached skill level 10 in Fighting
  9771 | D:9      | Found a runed translucent door.
  9776 | D:9      | Found a basalt altar of Yredelemnul.
  9825 | D:9      | Found Kesorreo's Fire Supplies.
  9850 | D:9      | Noticed Grum
 10213 | D:9      | Reached *** piety under Qazlal
 10295 | D:9      | Killed Maurice
 10502 | D:9      | Killed Grum
 11559 | D:10     | Reached skill level 10 in Axes
 11802 | D:10     | Gained mutation: Armour fits poorly on your strangely
                  | shaped body. [a neqoxec]
 11804 | D:9      | Gained mutation: You occasionally lose the ability to drink
                  | potions when taking damage. [a neqoxec]
 11807 | D:9      | Gained mutation: You are vulnerable to heat. (rF-) [a
                  | neqoxec]
 11810 | D:9      | Gained mutation: You are frail. (-10% HP) [a neqoxec]
 11955 | D:10     | Reached skill level 11 in Fighting
 11968 | D:10     | Reached XP level 12. HP: 90/90 MP: 10/17
 12240 | D:10     | Noticed a two-headed ogre
 12249 | D:10     | Killed a two-headed ogre
 12506 | D:10     | Noticed an ogre mage
 12533 | D:10     | Killed an ogre mage
 12794 | D:10     | Noticed a six-headed hydra
 12801 | D:10     | Noticed a centaur warrior
 12822 | D:10     | Killed a six-headed hydra
 12837 | D:10     | Killed a centaur warrior
 13076 | Lair:1   | Entered Level 1 of the Lair of Beasts
 13089 | D:8      | Lost mutation: You occasionally lose the ability to drink
                  | potions when taking damage. [potion of mutation]
 13089 | D:8      | Lost mutation: Armour fits poorly on your strangely shaped
                  | body. [potion of mutation]
 13089 | D:8      | Gained mutation: You are weak. (Str -2) [potion of
                  | mutation]
 13089 | D:8      | Gained mutation: Your spells are a little harder to cast,
                  | but a little more powerful. [potion of mutation]
 13342 | Lair:2   | Found a staircase to the Shoals.
 13367 | Lair:2   | Reached skill level 12 in Fighting
 13630 | Lair:2   | Identified the +10 plate armour of the Will of the Gods
                  | {+Blink rC- MP+9}
 13790 | Lair:2   | Noticed a death yak
 13790 | Lair:2   | Noticed a death yak
 13792 | Lair:2   | Noticed a death yak
 13833 | Lair:1   | Killed a death yak
 13896 | Lair:2   | Killed a death yak
 14031 | Lair:1   | Killed a death yak
 14959 | Lair:2   | Found a hole to the Spider Nest.
 15287 | Lair:3   | Found a frozen archway.
 15300 | Lair:3   | Gained mutation: You are partially covered in sharp spines.
                  | [demonic ancestry]
 15300 | Lair:3   | Reached XP level 13. HP: 71/98 MP: 20/20
 15316 | IceCv    | Entered an ice cave
 16225 | IceCv    | Reached skill level 13 in Fighting
 16634 | IceCv    | Noticed a reaper
 16660 | IceCv    | Killed a reaper
 16669 | IceCv    | Identified the +9 arbalest of the Spider {speed, Stlth+}
 17348 | Lair:5   | Entered Level 5 of the Lair of Beasts
 17377 | Lair:4   | Reached skill level 10 in Invocations
 17440 | Lair:4   | Found a dark tunnel.
 17461 | Volcano  | Entered a volcano
 17510 | Volcano  | Reached skill level 10 in Evocations
 17731 | Volcano  | Noticed a fire dragon
 17754 | Volcano  | Killed a fire dragon
 17980 | Volcano  | Gained mutation: Potions are less effective at restoring
                  | your health. [a neqoxec]
 17990 | Volcano  | Found a radiant altar of Vehumet.
 18414 | Lair:4   | Reached skill level 14 in Fighting
 18598 | Lair:4   | Noticed Snorg
 18612 | Lair:4   | Killed Snorg
 18703 | Lair:4   | Found a staircase to the Slime Pits.
 18704 | Lair:4   | Found a viscous altar of Jiyva.
 19542 | Lair:3   | Reached **** piety under Qazlal
 19642 | Lair:3   | Reached XP level 14. HP: 108/108 MP: 22/22
 19717 | Lair:3   | Acquired a +3 broad axe of flaming
 19905 | D:4      | Bought a scroll of enchant armour for 105 gold pieces
 19905 | D:4      | Bought a scroll of enchant weapon for 105 gold pieces
 20827 | Lair:5   | Noticed Urug
 20836 | Lair:5   | Killed Urug
 21492 | Lair:5   | Found a corrupted altar of Lugonu.
 21492 | Lair:5   | Found a one-way gate to the infinite horrors of the Abyss.
 21509 | Lair:5   | Identified the ring of Waalow {rCorr MP+9 Int+4}
 22095 | D:10     | HP: 3/108 [death knight/+0 battleaxe (11)]
 22095 | D:10     | HP: 1/108 [mirror damage (2)]
 22628 | D:10     | Found Tusoopul's Antique Weapon Shoppe.
 22734 | D:11     | Noticed Nergalle
 22748 | D:11     | Killed Nergalle
 23502 | D:12     | Found a radiant altar of Vehumet.
 23589 | D:13     | Found a gate leading to a gauntlet.
 23629 | Gauntlet | Entered a Gauntlet
 23629 | Gauntlet | Found a transporter.
 23629 | Gauntlet | Found a transporter.
 23629 | Gauntlet | Found a transporter.
 23633 | Gauntlet | Found a transporter.
 23633 | Gauntlet | Found a transporter.
 23648 | Gauntlet | Found a transporter.
 23663 | Gauntlet | Found a transporter.
 23668 | Gauntlet | Found a transporter.
 23700 | Gauntlet | Found a transporter.
 23716 | Gauntlet | Found a transporter.
 23722 | Gauntlet | Found a transporter.
 23760 | Gauntlet | Found a transporter.
 23892 | Gauntlet | Killed from afar by a molten gargoyle

Illustrated notes

Levels and vault maps discovered:
D:1:      spicycebolla_green_bress_n_ham_2, layout_basic
D:2:      minmay_wonky_spiral, layout_basic, uniq_natasha
D:3:      layout_rooms, nicolae_sif_muna_condensation,
          hellmonk_ecumenical_altar_crossroads, serial_shops,
          nicolae_shop_behind_doors
D:4:      layout_basic, amcnicky_altar_gilded, nicolae_hepliaklqana_hippocampus,
          grunt_gozag_breadcrumbs, okawaru_gym_becter, serial_shops, shop,
          enter_ossuary_1, serial_park_tiny_1, minmay_cupped
D:5:      layout_basic, uniq_eustachio, uniq_blork_the_orc, uniq_pikel
D:6:      layout_loops_ring, gammafunk_temple_overflow_claw,
          minmay_temple_entry_steel_oval, nicolae_stop_n_shop_2, nicolae_sextant
D:7:      layout_loops_ring, enter_bailey_6
D:8:      layout_loops_cross, nemelex_spade_bored_becter, dpeg_lair_monsters,
          uniq_amaemon
D:9:      layout_cave_pools, dk_yredelemnul_ordeal, lemuel_round_altar,
          special_room [special_room_bee], nrook_campfire,
          nicolae_shop_fire_sale [nicolae_sub_dead_trees], uniq_grum,
          uniq_maurice
D:10:     minmay_the_grid_octo_2x2 [minmay_the_grid_octo_tetromino_candy,
          minmay_the_grid_octo_empty, minmay_the_grid_octo_teeth,
          minmay_the_grid_octo_prize_single_spiral], layout_long_grid,
          serial_shops, nicolae_lakefront_shop, serial_demonic,
          serial_demonic_a, serial_demonic_d, serial_demonic_e, serial_demonic_b
D:11:     layout_basic, uniq_nergalle
D:12:     layout_gridville, minmay_orc_entry_temple_small, vehumet_crystals
D:13:     layout_long_grid, gauntlet_entry_generic, minivault_12
Temple:   pf_slime_end_temple
Lair:1:   layout_chaotic_city, minivault_19, lemuel_old_faithful
Lair:2:   layout_hall_layers, minmay_shoals_entry_beasts, dummy_spider_entry,
          grunt_megastairs_1, lemuel_fruit_tree
Lair:3:   pond_and_an_island_with_a_cottage, layout_loops_ring,
          portal_ice_cave_rime
Lair:4:   layout_misc_corridors, minmay_slime_entry_jelly_boxes,
          enter_volcano_1, serial_bayou_shore_a, uniq_snorg
Lair:5:   hellmonk_lair_end_abyssal_woods, layout_misc_corridors, uniq_urug
Gauntlet: gammafunk_gauntlet_shortcut [nicolae_gauntlet_arena_t_cross,
          gammafunk_gauntlet_arena_arrow_garden, gammafunk_gauntlet_arena_mazey,
          gammafunk_gauntlet_arena_grid, nicolae_gauntlet_arena_flowing_pool,
          gammafunk_gauntlet_arena_corners, dreamdust_gauntlet_exit_labyrinth]

Skill      XL: |  1  2  3  4  5  6  7  8  9 10 11 12 13 14 |
---------------+-------------------------------------------+-----
Axes           | 2 3 4 5 6 7 8 10 11 12 13 | 13.2
Armour         | 3 4 5 6 7 8 |  8.3
Shields        | 3 4 5 6 7 8 |  8.9
Evocations     | 1 2 3 4 6 7 8 9 10 11 | 11.3
Fighting       | 4 5 6 7 9 11 12 14 | 14.9
Dodging        | 1 |  1.8
Throwing       | 1 |  1.1
Stealth        | 1 2 |  2.6
Invocations    | 2 5 7 9 10 12 | 12.0
Maces & Flails | |  0.2

Action                     |  1- 3 |  4- 6 |  7- 9 | 10-12 | 13-15 || total
---------------------------+-------+-------+-------+-------+-------++-------
  Melee: War axe           |   117 |   139 |   445 |   663 |   370 ||  1734
         Unarmed           |       |       |       |     5 |       ||     5
         Whip              |       |       |       |       |     6 ||     6
         Broad axe         |       |       |       |       |   204 ||   204
  Throw: Stone             |       |     2 |       |       |       ||     2
         Dart              |       |       |    23 |    29 |     5 ||    57
         Throwing net      |       |       |       |     1 |       ||     1
         Javelin           |       |       |       |       |    22 ||    22
 Invoke: Upheaval          |       |       |       |     8 |    14 ||    22
         Elemental Force   |       |       |       |     2 |     2 ||     4
Ability: Evoke Invisibilit |       |       |     2 |     2 |       ||     4
         Evoke Blink       |       |       |       |       |     4 ||     4
  Evoke: Wand              |       |       |     1 |     4 |     2 ||     7
         Lightning rod     |       |       |       |       |     3 ||     3
    Use: Scroll            |       |     6 |    15 |     6 |     9 ||    36
         Potion            |       |     2 |     8 |     3 |     8 ||    21
   Stab: Invisible         |       |       |     3 |     2 |       ||     5
         Paralysed         |       |       |       |     6 |       ||     6
 Armour: Scale mail        |    19 |       |       |       |       ||    19
         Chain mail        |    63 |   106 |   272 |       |       ||   441
         Plate armour      |       |       |     6 |   563 |   401 ||   970
         Skin              |       |       |       |     8 |       ||     8
  Dodge: Dodged            |    54 |    50 |   139 |   233 |   115 ||   591
         Repelled          |       |       |       |       |     1 ||     1
  Block: Buckler           |    32 |    54 |   213 |   563 |   404 ||  1266
         Other             |       |       |       |     6 |       ||     6

Table legend: (Time is in decaauts)
 A = Elapsed time spent in this place.
 B = Non-inter-level travel time spent in this place.
 C = Inter-level travel time spent in this place.
 D = Time resting spent in this place.
 E = Time spent auto-exploring this place.
 F = Levels seen in this place.
 G = Mean time per level.
                   A        B        C        D        E       F      G
               +--------+--------+--------+--------+--------+-----+--------+
         Total |  24231 |  23408 |    823 |   5084 |   9618 |  23 | 1053.5 |
       Dungeon |  14490 |  13895 |    595 |   2859 |   6200 |  13 | 1114.6 |
        Temple |     42 |     42 |      0 |      0 |      0 |   1 |   42.0 |
          Lair |   6589 |   6361 |    228 |   1103 |   3266 |   5 | 1317.8 |
       Ossuary |    708 |    708 |      0 |    124 |      0 |   1 |  708.0 |
      Ice Cave |   1482 |   1482 |      0 |    730 |     78 |   1 | 1482.0 |
       Volcano |    655 |    655 |      0 |    252 |     73 |   1 |  655.0 |
      Gauntlet |    262 |    262 |      0 |     16 |      0 |   1 |  262.0 |
               +--------+--------+--------+--------+--------+-----+--------+

Top non-repeatable levels by time:
     D:9: 2311 daAuts
    D:10: 2071 daAuts
     D:7: 1618 daAuts
     D:8: 1581 daAuts
  Lair:4: 1557 daAuts
     D:6: 1556 daAuts
   IceCv: 1482 daAuts
  Lair:5: 1458 daAuts
     D:5: 1380 daAuts
  Lair:2: 1329 daAuts
  Lair:3: 1149 daAuts
  Lair:1: 1094 daAuts
     D:1: 882 daAuts
    D:11: 874 daAuts
     D:2: 729 daAuts
